 Dungeon Crawl Stone Soup version 0.21.0-25-ge575cb9 (webtiles) character file.

501 Monsterracer the Digger (level 7, -4/41 HPs)
             Began as an Octopode Earth Elementalist on Jan 24, 2018.
             Slain by a hound (6 damage)
             ... on level 4 of the Dungeon.
             The game lasted 00:07:20 (4493 turns).

Monsterracer the Digger (OpEE)                      Turns: 4493, Time: 00:07:21

Health: -4/41      AC:  1    Str:  8    XL:     7   Next: 17%
Magic:  11/13      EV: 13    Int: 19    God:
Gold:   105        SH:  0    Dex: 12    Spells: 3/14 levels left

rFire    . . .     SeeInvis .   a - +1 dagger (venom)
rCold    + . .     Gourm    .   (no shield)
rNeg     . . .     Faith    .   (helmet restricted)
rPois    .         Spirit   .   (no amulet)
rElec    .         Reflect  .   i - ring of protection from cold {!d}
rCorr    .         Harm     .   (no ring)
MR       .....                  (no ring)
Stlth    +++.......             (no ring)
HPRegen  0.13/turn              (no ring)
MPRegen  0.13/turn              (no ring)
                                (no ring)
                                (no ring)

@: drained
A: almost no armour, stealthy swim, amphibious, 8 rings, constrict 8, camouflage
1, gelatinous body 1
a: no special abilities


You were on level 4 of the Dungeon.
You were not hungry.

You visited 1 branch of the dungeon, and saw 4 of its levels.

You collected 105 gold pieces.

Inventory:

Hand Weapons
 a - a +1 dagger of venom (weapon)
 b - a +0 hunting sling of flaming
Missiles
 n - 35 sling bullets
 o - 115 stones (quivered)
Jewellery
 i - a ring of protection from cold (left tentacle) {!d}
Wands
 r - a wand of disintegration (15)
Scrolls
 e - a scroll of remove curse
 f - a scroll of amnesia
 g - 2 scrolls of identify
 h - a scroll of blinking
Potions
 j - 4 potions of curing
 l - a potion of brilliance
 p - a potion of flight
 q - a potion of heal wounds
 s - a potion of ambrosia {!q}
Comestibles
 c - 10 rations
 d - 2 chunks of flesh


   Skills:
 - Level 2.0(1.8) Dodging
 + Level 3.6(3.4) Stealth
 + Level 4.0(3.8) Spellcasting
 + Level 1.6(1.4) Conjurations
 - Level 1.0(0.8) Transmutations
 * Level 6.3(6.1) Earth Magic


You had 3 spell levels left.
You knew the following spells:

 Your Spells              Type           Power        Failure   Level  Hunger
a - Sandblast             Erth           ####..       1%          1    None
c - Stone Arrow           Conj/Erth      ###...       9%          3    ###....
d - Lee's Rapid Deconstr  Erth           ####......   30%         5    ######.
x - Passwall              Tmut/Erth      ###.......   4%          2    ##.....


Dungeon Overview and Level Annotations

Branches:
Dungeon (4/15)
 Temple: D:4-7

Altars:
Elyvilon
Okawaru
Sif Muna
Xom


Innate Abilities, Weirdness & Mutations

You cannot wear most types of armour.
You are very stealthy in the water. (Stealth+)
You are amphibious.
You can wear up to eight rings at the same time.
You can use your tentacles to constrict eight enemies at once.
Your skin changes colour to match your surroundings (Stealth+).
Your rubbery body absorbs attacks. (AC +1, EV +1)


Message History

The sling bullet hits the centaur skeleton.
The sling bullet burns the centaur skeleton.
The centaur skeleton is lightly damaged.
The centaur skeleton closely misses you.
Firing (i - inventory. (,) - cycle):
n - 37 sling bullets (quivered)
Press: ? - help, Shift-Dir - straight line, f/p - centaur skeleton
Aim: a centaur skeleton (lightly damaged)
You shoot a sling bullet.
The sling bullet hits the centaur skeleton.
The sling bullet burns the centaur skeleton.
The centaur skeleton is moderately damaged.
The centaur skeleton misses you. The centaur skeleton barely misses you.
Firing (i - inventory. (,) - cycle):
n - 36 sling bullets (quivered)
Press: ? - help, Shift-Dir - straight line, f/p - centaur skeleton
Aim: a centaur skeleton (moderately damaged)
You shoot a sling bullet.
The sling bullet hits the centaur skeleton.
The sling bullet burns the centaur skeleton.
The centaur skeleton is heavily damaged.
The centaur skeleton hits you but does no damage.
The centaur skeleton barely misses you.
Firing (i - inventory. (,) - cycle):
n - 35 sling bullets (quivered)
Press: ? - help, Shift-Dir - straight line, f/p - centaur skeleton
Aim: a centaur skeleton (heavily damaged)
You shoot a sling bullet.
The sling bullet hits the centaur skeleton!
The sling bullet burns the centaur skeleton.
The centaur skeleton is almost destroyed.
The centaur skeleton closely misses you.
Firing (i - inventory. (,) - cycle):
n - 34 sling bullets (quivered)
Press: ? - help, Shift-Dir - straight line, f/p - centaur skeleton
Aim: a centaur skeleton (almost destroyed)
You shoot a sling bullet.
The sling bullet hits the centaur skeleton.
The sling bullet burns the centaur skeleton.
You destroy the centaur skeleton!
A hound comes into view.
The hound moves out of view.
n - 38 sling bullets (gained 5)
Things that are here:
a sling bullet; a dagger of draining; an orc corpse
n - 39 sling bullets (gained 1)
Things that are here:
a sling bullet; a dagger of draining; an orc corpse Firing (i - inventory. (,) - cycle):
n - 39 sling bullets (quivered)
Press: ? - help, Shift-Dir - straight line, f - hound
Aim: a hound (hasn't noticed you)
You shoot a sling bullet.
The sling bullet barely misses the hound.
Firing (i - inventory. (,) - cycle):
n - 38 sling bullets (quivered)
Press: ? - help, Shift-Dir - straight line, f/p - hound
Aim: a hound You shoot a sling bullet.
The sling bullet closely misses the hound.
Firing (i - inventory. (,) - cycle):
n - 37 sling bullets (quivered)
Press: ? - help, Shift-Dir - straight line, f/p - hound
Aim: a hound You shoot a sling bullet.
The sling bullet completely misses the hound.
The hound bites you.
You take 3 damage, and have 23/41 hp.
Firing (i - inventory. (,) - cycle):
n - 36 sling bullets (quivered)
Press: ? - help, Shift-Dir - straight line, f/p - hound
Aim: a hound You shoot a sling bullet.
The sling bullet hits the hound.
The sling bullet burns the hound.
The hound is moderately wounded.
The hound bites you.
* * * LOW HITPOINT WARNING * * *
The hound bites you.
* * * LOW HITPOINT WARNING * * *
You take 8 damage, and have 15/41 hp.
Your +0 hunting sling of flaming stops flaming.
Your +1 dagger of venom begins to drip with poison!
a - a +1 dagger of venom (weapon)
The hound bites you.
* * * LOW HITPOINT WARNING * * *
You take 3 damage, and have 12/41 hp.
You closely miss the hound. Your grab misses the hound.
Your squeeze misses the hound.
The hound is moderately wounded.
The hound closely misses you.
You miss the hound. You grab the hound. Your squeeze misses the hound.
The hound is moderately wounded.
You constrict the hound. The hound bites you.
* * * LOW HITPOINT WARNING * * *
The hound misses you.
You take 3 damage, and have 10/41 hp.
You completely miss the hound.
The hound is heavily wounded.
You constrict the hound. The hound bites you.
* * * LOW HITPOINT WARNING * * *
You take 2 damage, and have 8/41 hp.
You hit the hound but do no damage.
The hound is poisoned.
You squeeze the hound.
The hound is severely wounded.
You constrict the hound. The hound bites you.
* * * LOW HITPOINT WARNING * * *
The hound bites you.
You die... # #.# #######.....$. # #.#######............. # #..................... # #########.#####..... # (....(..<....#... .oo

# .........(.#.#.# #o# #
(........(.....# #.# #
......h.)....####### #.#
################@#####.....$###.#
..............................§..
####............>..)............#
###....###########.........((#
#....# ##..###.†...# #....# #..#
#.###.# #.#### #.....#.# #.# #.#
#.#...#.# #.# #.. #.#...#.# #.#


You could see a hound.

Vanquished Creatures
  An ogre (D:4)
  2 orc priests
  3 hounds
  2 orc wizards
  2 centaur skeletons (D:4)
  A worker ant (D:4)
  5 adders
  An ooze (D:1)
  4 worms
  2 dart slugs (D:1)
  3 leopard geckos
  6 orcs
  6 goblins
  4 hobgoblins (D:1)
  3 jackals (D:3)
  7 kobolds
  2 quokkas
  A ball python (D:4)
  9 bats
  3 frilled lizards
  9 rats
76 creatures vanquished.

Notes
Turn   | Place    | Note
-------+----------+-------------------------------------------
     0 | D:1      | Monsterracer the Octopode Earth Elementalist began the quest for the Orb.
     0 | D:1      | Reached XP level 1. HP: 11/11 MP: 3/3
    21 | D:1      | HP: 5/11 [hobgoblin/club (3)]
    26 | D:1      | HP: 4/11 [bat (1)]
   326 | D:1      | Reached XP level 2. HP: 17/17 MP: 1/5
   335 | D:1      | Learned a level 2 spell: Passwall
   810 | D:1      | Reached XP level 3. HP: 21/21 MP: 6/6
   815 | D:1      | Learned a level 3 spell: Stone Arrow
  1155 | D:2      | Reached skill level 4 in Earth Magic
  1164 | D:2      | HP: 10/21 [poisoned by an adder]
  1172 | D:2      | HP: 8/21 [poisoned by an adder]
  1467 | D:2      | Reached XP level 4. HP: 23/27 MP: 8/8
  1571 | D:2      | Found an iron altar of Okawaru.
  1901 | D:2      | Found a white marble altar of Elyvilon.
  2005 | D:2      | Reached skill level 5 in Earth Magic
  2005 | D:2      | Reached XP level 5. HP: 17/31 MP: 4/9
  2006 | D:2      | HP: 8/31 [orc wizard/magic dart (9)]
  2289 | D:2      | Found a shimmering altar of Xom.
  2544 | D:3      | Found a white marble altar of Elyvilon.
  3200 | D:3      | HP: 15/31 [hound (6)]
  3202 | D:3      | Reached XP level 6. HP: 16/36 MP: 11/11
  3214 | D:3      | Learned a level 5 spell: Lee's Rapid Deconstruction
  3616 | D:4      | Found a deep blue altar of Sif Muna.
  3637 | D:4      | HP: 16/36 [orc wizard/puff of flame (9)]
  3758 | D:4      | HP: 16/36 [centaur skeleton (8)]
  3796 | D:4      | Reached skill level 1 in Conjurations
  3796 | D:4      | Reached skill level 6 in Earth Magic
  3903 | D:4      | HP: 8/36 [orc priest/divine providence (12)]
  3905 | D:4      | HP: 3/36 [centaur skeleton (5)]
  4212 | D:3      | HP: 9/36 [orc/flail (12)]
  4443 | D:4      | Reached XP level 7. HP: 36/41 MP: 8/12
  4488 | D:4      | HP: 20/41 [hound (3)]
  4492 | D:4      | HP: 8/41 [hound (2)]
  4493 | D:4      | HP: 2/41 [hound (6)]
  4493 | D:4      | Slain by a hound

Skill      XL: |  1  2  3  4  5  6  7 |
---------------+----------------------+-----
Earth Magic    | 4 5 6 |  6.3
Spellcasting   | 3 4 |  4.0
Stealth        | 3 |  3.6
Conjurations   | 1 |  1.6
Dodging        | |  2.0
Transmutations | |  1.0

Action                   |  1- 3 |  4- 6 |  7- 9 || total
-------------------------+-------+-------+-------++-------
Melee: Unarmed           |    29 |       |       ||    29
       Constrict         |    20 |    17 |     1 ||    38
       Dagger            |    34 |    80 |     4 ||   118
       Tentacles         |     6 |    11 |     1 ||    18
 Fire: Hunting sling     |       |     7 |    12 ||    19
 Cast: Sandblast         |     5 |    25 |     5 ||    35
  Use: Scroll            |       |    11 |       ||    11
 Stab: Sleeping          |    11 |     9 |       ||    20
  Eat: Chunk             |     1 |     9 |     1 ||    11
Armor: Skin              |    13 |     7 |     1 ||    21
Dodge: Dodged            |    41 |    56 |     9 ||   106

Vault maps used:
D:1:      dpeg_arrival_long_road
D:2:      okawaru_gym_becter, lemuel_doored_altar,
          nicolae_overflow_hidden_temple
D:3:      first_ration, elyvilon_altar_5
D:4:      led_sif_book, nicolae_ossuary_entry_giza, serial_shops,
          kennysheep_mini
